Unix NetHack Version 3.7.0-66 Work-in-progress - last build Dec 5 2022 03:26:57 (dbea811729ade750c4c0c7f8ab6145c62533a6e7,branch:master). Game began 2022-12-24 13:17:19, ended 2022-12-24 13:48:48. Cohen, neutral male gnomish Wizard ---- ------- |.. |<....| |.. |.....| |.. ---.--- ----------- #####|.. #### |?[%?[$[?.| # . # |=!$+!%!..-####mf ######################### ----+-+---- # |+$$++))!.| G##############################|..{......| # ----------- # ###...........# # | ## |.........|## ... ----...----## ... |...| ## .$. |...| ### .--- ----- #-|------- #-.......| |.......| --------- Cohen the Evoker St:10 Dx:14 Co:13 In:19 Wi:13 Ch:8 Neutral Dlvl:4 $:29 HP:0(11) Pw:4(9) AC:8 Xp:1/18 T:2628 Latest messages: You see here a forked polearm (for sale, 7 zorkmids). You see here a crude dagger (for sale, 5 zorkmids). You see here a dark green spellbook (for sale, 133 zorkmids). What do you want to throw? [$pzK or ?*] Count: 0 Never mind. What do you want to throw? [$pzK or ?*] Count: 1 $ In what direction? The gold piece misses the small mimic. 1 zorkmid added to your credit; total is now 4 zorkmids. You see here a crude dagger (for sale, 5 zorkmids). You see here a forked polearm (for sale, 7 zorkmids). You see here a yellow potion (for sale, 133 zorkmids). The door resists! The door opens. You stop. Greebo is in the way! You swap places with Greebo. Pick an object. You swap places with Greebo. You swap places with Greebo. What do you want to use or apply? [ck-npwCE or ?*] In what direction? That boulder is really a small mimic. Status of the small mimic (neutral): Level 6 HP 32(32) AC 7. You hear some noises. Greebo misses the small mimic. Greebo bites the small mimic. The small mimic hits Greebo. You hear the splashing of a naiad. You stop. Greebo is in the way! "Hello, Cohen! Welcome again to Akranes' general store!" You already found a monster. Use 'm' prefix to force another search. You kill the gecko! You see here a magenta potion. P - a magenta potion. "Hello, Cohen! Welcome again to Akranes' general store!" "Hello, Cohen! Welcome again to Akranes' general store!" Greebo picks up a magenta potion. Greebo drops a magenta potion. You see here a magenta potion. Q - a magenta potion. You swap places with Greebo. You swap places with Greebo. You swap places with Greebo. In what direction? The spell hits the small mimic! The small mimic hits! You die... Do you want your possessions identified? [ynq] (y) Inventory: Coins ('$') $ - 29 gold pieces Weapons (')') z - a +0 sling K - a +0 orcish dagger p - a +0 axe a - a blessed +1 quarterstaff (weapon in hands) Armor ('[') X - an uncursed +0 pair of leather gloves (being worn) B - an uncursed +0 cloak of magic resistance (being worn) Comestibles ('%') N - 2 uncursed food rations J - an uncursed lichen corpse Scrolls ('?') j - an uncursed scroll of charging t - an uncursed scroll of create monster q - an uncursed scroll of destroy armor v - a blessed scroll of fire L - an uncursed scroll of food detection i - an uncursed scroll of identify o - an uncursed scroll of identify u - an uncursed scroll of teleportation Spellbooks ('+') l - a blessed spellbook of force bolt m - an uncursed spellbook of protection Potions ('!') f - an uncursed potion of blindness g - an uncursed potion of booze Q - an uncursed potion of fruit juice P - a cursed potion of fruit juice A - an uncursed potion of levitation M - an uncursed potion of object detection h - an uncursed potion of see invisible r - an uncursed potion of see invisible F - a blessed potion of speed Rings ('=') d - an uncursed +1 ring of gain constitution (on left hand) e - an uncursed +1 ring of increase accuracy (on right hand) O - an uncursed ring of stealth Wands ('/') c - a wand of striking (0:7) Tools ('(') k - an uncursed lock pick E - a magic marker (0:65) n - a magic marker (0:45) C - an uncursed stethoscope w - an uncursed tin whistle Gems/Stones ('*') y - an uncursed worthless piece of violet glass Cohen the Wizard's attributes: Background: You were an Evoker, a level 1 male gnomish Wizard. You were neutral, nominally on a mission for Thoth who was opposed by Ptah (lawful) and Anhur (chaotic). You were in the Dungeons of Doom, on level 4. You entered the dungeon 2628 turns ago. There was a new moon in effect when your adventure ended. You had 18 experience points, 2 more were needed to attain level 2. Basics: You had 0 out of 11 hit points. You had 4 out of 9 energy points (spell power). Your armor class was 8. Your wallet contained 29 zorkmids. Autopickup was on for all types, with exceptions. Final Characteristics: Your strength was 10 (limit:18/50). Your dexterity was 14 (limit:18). Your constitution was 13 (base:12, limit:18). Your intelligence was 19 (limit:19). Your wisdom was 13 (limit:18). Your charisma was 8 (limit:18). Final Status: You were not hungry. You were unencumbered. You were wielding a quarterstaff. You had basic skill with quarterstaff. Final Attributes: You were aligned. You were magic-protected. You had infravision. You had a small bonus to hit (+1). You were warded. You are dead. Miscellaneous: You never encountered a bones level. Total elapsed playing time was 31 minutes and 27 seconds. Major events: Turn 1: Cohen the neutral male gnomish Wizard entered the dungeon 1713: entered the Gnomish Mines 2628: killed by a small mimic Vanquished creatures: a large kobold 2 giant rats 2 geckos 5 jackals 2 foxes a kobold 3 goblins 3 sewer rats 5 grid bugs 3 lichens a kobold zombie 4 newts 32 creatures vanquished. No species were genocided or became extinct. Voluntary challenges: You were an atheist. You were illiterate. You never engraved Elbereth. You never genocided any monsters. You never polymorphed an object. You never changed form. You used no wishes. Achievements: You entered a shop. You entered the Gnomish Mines. The Dungeons of Doom: levels 1 to 4 Level 1: Level 2: "Vault" A general store, many fountains. Stairs down to The Gnomish Mines. Level 3: "mimic in shop" A weapon shop. Level 4: <- You were here. A general store, a fountain. Final resting place for you, killed by a small mimic. The Gnomish Mines: Level 3: Game over: ---------- / \ / REST \ / IN \ / PEACE \ / \ | Cohen | | 29 Au | | killed by a | | small mimic | | | | | | 2022 | *| * * * | * _________)/\\_//(\/(/\)/\//\/|_)_______ Goodbye Cohen the Wizard... You died in The Dungeons of Doom on dungeon level 4 with 249 points, and 29 pieces of gold, after 2628 moves. You were level 1 with a maximum of 11 hit points when you died.